 Dungeon Crawl Stone Soup version 0.20.0-8-g6b59dc7 (webtiles) character file.

95 prkay the Conjurer (level 4, -1/25 HPs)
             Began as a Gargoyle Conjurer on May 30, 2017.
             Was an Initiate of Okawaru.
             Killed by divine providence
             ... invoked by an orc priest
              (7 damage)
             ... on level 3 of the Dungeon.
             The game lasted 00:11:10 (2587 turns).

prkay the Conjurer (Gargoyle Conjurer)              Turns: 2587, Time: 00:11:11

Health: -1/25      AC:  9    Str: 13    XL:     4   Next: 66%
Magic:  1/7        EV: 11    Int: 15    God:    Okawaru [......]
Gold:   190        SH:  0    Dex: 10    Spells: 6/7 levels left

rFire    . . .     SeeInvis .   e - +0 whip
rCold    . . .     Gourm    .   (no shield)
rNeg     + . .     Faith    .   f - +0 ring mail
rPois    ∞         Spirit   .   (no helmet)
rElec    +         Reflect  .   (no cloak)
rCorr    .         Harm     .   (no gloves)
MR       .....                  (no boots)
Stlth    +.........             (no amulet)
Regen    0.1/turn               (no ring)
MPRegen  0.1/turn               (no ring)

@: very slightly contaminated
A: negative energy resistance 1, electricity resistance, unbreathing,
petrification resistance, rot immunity, AC +3
a: Renounce Religion


You were on level 3 of the Dungeon.
You worshipped Okawaru.
Okawaru was noncommittal.
You were not hungry.

You visited 1 branch of the dungeon, and saw 3 of its levels.

You collected 190 gold pieces.

Inventory:

Hand Weapons
 e - a +0 whip (weapon)
 g - a +0 mace
Armour
 a - a +0 robe
 f - a +0 ring mail (worn)
Scrolls
 i - a scroll of amnesia {unknown}
 k - a scroll of immolation {unknown}
 l - a scroll of remove curse {unknown}
 m - a scroll of noise {unknown}
 p - a scroll of fear {unknown}
 q - a scroll of enchant weapon {unknown}
 r - a scroll of teleportation {unknown}
 t - a scroll of identify {unknown}
Potions
 d - 2 potions of might {unknown}
 j - a potion of flight {unknown}
 o - a potion of invisibility {unknown}
 s - a potion of berserk rage {unknown}
 u - 2 potions of heal wounds {unknown}
Books
 b - a book of Conjurations

   Spells                             Type                      Level
   a - Magic Dart                     Conjuration                  1
   b - Searing Ray                    Conjuration                  2
   c - Dazzling Spray                 Conjuration/Hexes            3
   d - Fulminant Prism                Conjuration/Hexes            4
   e - Force Lance                    Conjuration/Translocation    4
   f - Iskenderun's Mystic Blast      Conjuration                  4
Comestibles
 c - 4 bread rations
 h - a meat ration
 n - 6 fruits
 v - 4 chunks of flesh


   Skills:
 + Level 1.4 Fighting
 * Level 2.6 Maces & Flails
 + Level 1.8 Armour
 - Level 2.0 Dodging
 - Level 2.1 Stealth
 - Level 2.0 Spellcasting
 - Level 4.4 Conjurations


You had 6 spell levels left.
You knew the following spells:

 Your Spells              Type           Power        Failure   Level  Hunger
a - Magic Dart            Conj           ##..         8%          1    #......


Dungeon Overview and Level Annotations

Branches:
Dungeon (3/15)

Altars:
Cheibriados
Fedhas
Nemelex Xobeh
Okawaru
Uskayaw


Innate Abilities, Weirdness & Mutations

You are resistant to torment.
Your stone body is resilient. (AC +3)
You are immune to poison.
You resist negative energy. (rN+)
You are resistant to electric shocks. (rElec)
You can survive without breathing.
You are immune to petrification.
You are immune to rotting.


Message History

The adder bites you.
You miss the adder.
The adder bites you but does no damage. x2
You hit the adder.
The adder is lightly wounded.
The adder bites you but does no damage.
Casting: Magic Dart
Confirm with . or Enter, or press ? or * to list all spells.
Aiming: Magic Dart
Press: ? - help, Shift-Dir - straight line, f - adder
Aim: an adder (lightly wounded)
The magic dart hits the adder.
The adder is moderately wounded.
The adder barely misses you. The adder bites you.
* * * LOW HITPOINT WARNING * * *
The adder misses you. The adder barely misses you.
The orc priest calls down the wrath of Beogh upon you.
Beogh smites you!
You die...

#.....)...#..#####....
#.###'###.#..# #..#.
#.# #.# #.#.>. .[...<
#.###.###.#... ....#.
#.+.._###.# #. .#.
#.###.###.# ... #.#
#.# #.# ....
#.###'###.############
#....@........... ...
#..#S############ ###
#....# #.. ####o# #.#
#.# #.# #.# #.# #.#
#.# #)# #.# #.# #.#


You could see an orc priest and an adder.

Vanquished Creatures
  Terence (D:2)
  4 dart slugs
  2 leopard geckos (D:1)
  6 orcs (D:3)
  5 bats
  3 giant cockroaches
  5 goblins
  4 hobgoblins
  A quokka (D:2)
  4 ball pythons
  2 frilled lizards
  8 kobolds
  10 rats
55 creatures vanquished.

Notes
Turn   | Place    | Note
-------+----------+-------------------------------------------
     0 | D:1      | prkay the Gargoyle Conjurer began the quest for the Orb.
     0 | D:1      | Reached XP level 1. HP: 10/10 MP: 3/3
   133 | D:1      | Reached XP level 2. HP: 10/15 MP: 1/5
   697 | D:1      | Reached skill level 1 in Maces & Flails
  1017 | D:1      | Reached XP level 3. HP: 20/20 MP: 2/6
  1221 | D:2      | Found a hide-covered altar of Uskayaw.
  1316 | D:2      | Reached skill level 1 in Armour
  1367 | D:2      | Found a snail-covered altar of Cheibriados.
  1383 | D:2      | Found an iron altar of Okawaru.
  1388 | D:2      | Became a worshipper of Warmaster Okawaru
  1591 | D:2      | Found a sparkling altar of Nemelex Xobeh.
  1646 | D:2      | Noticed Terence
  1663 | D:2      | Killed Terence
  1663 | D:2      | Reached skill level 1 in Fighting
  1663 | D:2      | Reached XP level 4. HP: 19/25 MP: 3/7
  2397 | D:3      | Found a faded altar of an unknown god.
  2540 | D:3      | Found a blossoming altar of Fedhas.
  2587 | D:3      | Killed from afar by an orc priest

Skill      XL: |  1  2  3 |
---------------+----------+-----
Dodging        | 2 |  2.0
Maces & Flails | 1 2 |  2.6
Armour         | 1 |  1.8
Fighting       | 1 |  1.4
Stealth        | |  2.1
Spellcasting   | |  2.0
Conjurations   | |  4.4

Action                   |  1- 3 |  4- 6 || total
-------------------------+-------+-------++-------
Melee: Whip              |    71 |    59 ||   130
 Cast: Magic Dart        |    37 |    32 ||    69
  Eat: Chunk             |     1 |     1 ||     2
       Meat ration       |     1 |       ||     1
Armor: Robe              |    25 |       ||    25
       Ring mail         |     7 |    30 ||    37
Dodge: Dodged            |    56 |    33 ||    89
